 Dungeon Crawl Stone Soup version 0.28.0-53-g5a82cb258f (webtiles) character file.

Game seed: 17636963026474890069

226 ILmort the Cudgeller (level 5, -2/45 HPs)
             Began as a Minotaur Fighter on Aug 10, 2022.
             Slain by a gnoll
             ... wielding a +0 halberd
              (7 damage)
             ... on level 3 of the Dungeon.
             The game lasted 00:06:19 (3019 turns).

ILmort the Cudgeller (Minotaur Fighter)             Turns: 3019, Time: 00:06:20

Health: -2/45      AC:  6    Str: 23    XL:     5   Next: 69%
Magic:  4/4        EV:  9    Int:  5    God:
Gold:   103        SH:  4    Dex:  9    Spells: 4/4 levels left

rFire   . . .      SeeInvis .   a - +0 flail
rCold   . . .      Faith    .   c - +0 buckler
rNeg    . . .      Spirit   .   b - +0 scale mail
rPois   .          Reflect  .   (helmet restricted)
rElec   .          Harm     .   (no cloak)
rCorr   .          Rampage  .   (no gloves)
Will    .....                   (no boots)
Stlth   ..........              (no amulet)
HPRegen 0.15/turn               (no ring)
MPRegen 0.09/turn               (no ring)

@: no status effects
A: horns 2, retaliatory headbutt
a: no special abilities


You were on level 3 of the Dungeon.
You visited 1 branch of the dungeon, and saw 3 of its levels.

You collected 103 gold pieces.

Inventory:

Hand Weapons
 a - a +0 flail (weapon)
Armour
 b - a +0 scale mail (worn)
 c - a +0 buckler (worn)
Jewellery
 f - a ring of magical power
Scrolls
 h - 6 scrolls of identify {unknown}
 i - a scroll of teleportation {unknown}
 j - a scroll of noise {unknown}
 m - a scroll of immolation {unknown}
 n - 3 scrolls of summoning {unknown}
 o - a scroll of enchant armour {unknown}
Potions
 d - a potion of might
 e - a potion of invisibility {unknown}
 g - a potion of heal wounds {unknown}
 k - 2 potions of resistance {unknown}
 l - a potion of brilliance {unknown}


   Skills:
 - Level 3.6 Fighting
 + Level 7.3 Maces & Flails
 - Level 3.6 Armour
 - Level 3.6 Shields


You had 4 spell levels left.
You didn't know any spells.
Your spell library contained the following spells:

 Spells                   Type           Power      Damage    Failure   Level
 Ensorcelled Hibernation  Hex/Ice        0%         N/A       95%         2
 Passwall                 Tmut/Erth      0%         N/A       95%         2
 Swiftness                Air            0%         N/A       99%         3


Dungeon Overview and Level Annotations

Branches:
Dungeon (3/15)

Altars:
Hepliaklqana


Innate Abilities, Weirdness & Mutations

You have a pair of horns on your head.
You reflexively headbutt those who attack you in melee.


Message History

The gnoll hits you with a +0 club.
You closely miss the gnoll.
The gnoll is almost dead.
The gnoll hits you from afar with a +0 halberd!
* * * LOW HITPOINT WARNING * * *
The gnoll closely misses you. The gnoll barely misses you.
The gnoll hits you but does no damage. The gnoll barely misses you.
You furiously retaliate!
You headbutt the gnoll!
You kill the gnoll!
A hobgoblin comes into view. 2 goblins come into view.
The goblin shouts!
The hobgoblin shouts!
A hobgoblin comes into view. It is wielding a +0 club.
The hobgoblin shouts!
A hobgoblin comes into view. It is wielding a +0 club.
The hobgoblin shouts!
The gnoll closely misses you. The goblin hits you but does no damage.
You see here a +0 club.
The gnoll barely misses you.
Things that are here:
a +0 hunting sling; 18 sling bullets
There is an open door, spattered with blood here.
Things that are here:
a +0 hunting sling; 18 stones You see here a +0 club.
The goblin hits you with a +0 club.
* * * LOW HITPOINT WARNING * * *
You see here a +0 club.
The gnoll closely misses you. The goblin hits you with a +0 club.
* * * LOW HITPOINT WARNING * * *
The gnoll hits you but does no damage. You block the hobgoblin's attack.
There is a large open door here.
The hobgoblin hits you.
* * * LOW HITPOINT WARNING * * *
The hobgoblin hits you.
* * * LOW HITPOINT WARNING * * *
The gnoll hits you from afar with a +0 halberd!
You die...

#...#..# ##.##. +...'..# #.....
#.).#######.####
.######..##..#....... .
.........##.....#####
..#####....###.....#
...>.........#..######.#
#.....##)#.#..)......#
#....@.#...###)).#####
.#########g.......)#.#####
..........gg..............
.........g......).........
≈..≈≈≈≈...g≈.≈≈≈.≈≈..≈≈≈≈≈
≈≈≈≈≈≈≈....≈≈≈≈≈≈≈≈≈≈≈≈≈≈≈
≈≈≈≈≈≈≈....≈≈≈≈≈≈≈≈≈≈≈≈≈≈≈
≈≈≈≈≈≈.....÷≈≈≈≈≈≈≈≈≈≈≈≈≈≈
###############')################


You could see a gnoll, a hobgoblin and 2 goblins.

Vanquished Creatures
  Natasha (thrice) (D:3)
  2 gnolls (D:3)
  An adder (D:3)
  4 worms (D:2)
  2 dart slugs (D:2)
  10 ball pythons
  3 endoplasms (D:1)
  28 goblins
  24 hobgoblins
  A quokka (D:3)
  4 bats
  A frilled lizard (D:1)
  7 kobolds
  2 rats
92 creatures vanquished.

Notes
Turn   | Place    | Note
-------+----------+-------------------------------------------
     0 | D:1      | ILmort the Minotaur Fighter began the quest for the Orb.
     0 | D:1      | Reached XP level 1. HP: 19/19 MP: 0/0
    67 | D:1      | Reached skill level 3 in Maces & Flails
   143 | D:1      | Reached XP level 2. HP: 25/26 MP: 1/1
   543 | D:1      | Found a faded altar of an unknown god.
   553 | D:1      | Reached skill level 4 in Maces & Flails
  1000 | D:2      | Reached XP level 3. HP: 19/31 MP: 2/2
  1449 | D:2      | Reached skill level 5 in Maces & Flails
  1831 | D:3      | Found a faded altar of an unknown god.
  1836 | D:3      | Found a hazy altar of Hepliaklqana.
  1885 | D:3      | Noticed Natasha
  1889 | D:3      | Killed Natasha
  1890 | D:3      | Reached XP level 4. HP: 32/39 MP: 3/3
  2191 | D:3      | Reached skill level 6 in Maces & Flails
  2451 | D:3      | Reached XP level 5. HP: 38/45 MP: 4/4
  2756 | D:3      | Noticed Natasha
  2771 | D:3      | Killed Natasha
  2852 | D:3      | Noticed Natasha
  2863 | D:3      | Killed Natasha
  2864 | D:3      | Reached skill level 7 in Maces & Flails
  3019 | D:3      | Slain by a gnoll

Illustrated notes

Levels and vault maps discovered:
D:1:      wander_arrival_desolate, layout_loops_ring,
          nicolae_ecumenical_snake_handling, minmay_domino_4
D:2:      layout_basic, serial_park_tiny_1
D:3:      minmay_goblin_kobold_castle, layout_basic,
          nicolae_overflow_ecumenical_swirl, minmay_snake_closets, uniq_natasha

Skill      XL: |  1  2  3  4  5 |
---------------+----------------+-----
Maces & Flails | 3 4 5 6 7 |  7.3
Fighting       | |  3.6
Armour         | |  3.6
Shields        | |  3.6

Action                   |  1- 3 |  4- 6 || total
-------------------------+-------+-------++-------
Melee: Flail             |    80 |   114 ||   194
       Headbutt          |    15 |    12 ||    27
Armor: Scale mail        |    37 |    52 ||    89
Dodge: Dodged            |    30 |    78 ||   108
Block: Buckler           |    19 |    29 ||    48
